 Dungeon Crawl Stone Soup version 0.27-a0-705-ga0013940fb (webtiles) character file.

Game seed: 17654483411603938298

490 Atlas the Chiller (level 6, 0/46 HPs)
             Began as a Demonspawn Ice Elementalist on Mar 23, 2021.
             Slain by a howler monkey (2 damage)
             ... on level 4 of the Dungeon.
             The game lasted 00:06:43 (3704 turns).

Atlas the Chiller (Demonspawn Ice Elementalist)     Turns: 3704, Time: 00:06:44

Health: 0/46       AC:  6    Str:  8 (9)  XL:     6   Next: 90%
Magic:  0/11       EV: 12    Int: 15 (18) God:
Gold:   140        SH:  0    Dex: 10 (13) Spells: 2/13 levels left

rFire    + . .     SeeInvis .   (no weapon)
rCold    + + .     Faith    .   (no shield)
rNeg     . . .     Spirit   .   a - +0 robe
rPois    +         Reflect  .   i - +2 hat
rElec    +         Harm     .   (no cloak)
rCorr    +         Rampage  .   (no gloves)
Will     +....                  (no boots)
Stlth    ++........             (no amulet)
HPRegen  0.15/turn              f - ring of flight
MPRegen  0.12/turn              g - ring of protection from cold

@: resistant, attractive, hasted, very quick
A: talons 2, slimy green scales 1, low mp 1, strong-willed 1, robust 1, subdued
magic 1
a: Evoke Flight


You were on level 4 of the Dungeon.
You visited 1 branch of the dungeon, and saw 4 of its levels.

You collected 140 gold pieces.

Inventory:

Armour
 a - a +0 robe (worn)
 i - a +2 hat (worn)
Jewellery
 f - a ring of flight (right hand)
 g - a ring of protection from cold (left hand)
 j - a +4 ring of slaying
Scrolls
 b - 2 scrolls of identify {unknown}
 h - a scroll of fear {unknown}
 m - a scroll of amnesia {unknown}
 n - a scroll of summoning {unknown}
Potions
 l - 2 potions of haste


   Skills:
 + Level 0.7 Fighting
 + Level 2.2 Dodging
 + Level 2.3 Stealth
 + Level 0.2 Unarmed Combat
 + Level 4.4 Spellcasting
 + Level 5.9 Ice Magic


You had 2 spell levels left.
You knew the following spells:

 Your Spells              Type           Power      Damage    Failure   Level
a - Freeze                Ice            64%        1d8       1%          1
b - Frozen Ramparts       Ice            32%        1d5       3%          3
c - Ozocubu's Armour      Ice            16%        N/A       3%          3
d - Summon Ice Beast      Ice/Summ       9%         N/A       41%         4

Your spell library contained the following spells:

 Spells                   Type           Power      Damage    Failure   Level
 Magic Dart               Conj           8%         1d3       14%         1
 Blink                    Tloc           N/A        N/A       22%         2
 Call Imp                 Summ           2%         N/A       22%         2
 Slow                     Hex            2%         N/A       22%         2
 Conjure Flame            Conj/Fire      2%         6-21      41%         3
 Mephitic Cloud           Conj/Pois/Air  2%         N/A       41%         3
 Hailstorm                Conj/Ice       9%         3d4       41%         4


Dungeon Overview and Level Annotations

Branches:
Dungeon (4/15)
 Temple: D:4-7

Altars:
Ashenzari
Makhleb

Shops:
D:2 :


Innate Abilities, Weirdness & Mutations

You have razor-sharp toenails.
You are partially covered in slimy green scales. (AC +2)
Your magical capacity is low. (-10% MP)
You are strong-willed. (Will+)
You are robust. (+10% HP)
Your spells are a little easier to cast, but a little less powerful.


Message History

Unknown command.
Unknown command.
It was a potion of mutation.
You feel extremely strange.
You feel less energetic.
You feel strong-willed.
Your connection to magic feels subdued.
You feel robust. The howler monkey hits you.
* * * LOW HITPOINT WARNING * * *
The gnoll hits you but does no damage.
It was a potion of haste.
You feel yourself speed up.
The howler monkey hoots and howls with incredible vigour!
The gnoll hits you with a +0 club.
* * * LOW HITPOINT WARNING * * *
An ooze comes into view.
You see here a hound corpse.
It was a potion of resistance.
You feel protected.
A gnoll comes into view. It is wielding a +0 spear.
The howler monkey closely misses you.
An adder skeleton comes into view.
It was a potion of attraction.
You feel attractive to monsters. The gnoll is pulled toward you!
The ooze is pulled toward you!
The adder skeleton is pulled toward you!
It was a potion of degeneration.
There was something very wrong with that liquid.
You feel weakened.
You feel dopey.
You feel clumsy.
The howler monkey hoots and howls with incredible vigour!
The ooze quivers.
The ooze is pulled toward you!
Found 5 gold pieces.
Found an escape hatch in the floor.
Found 12 gold pieces and a curved jewelled staff.
Casting: Freeze (safe; 1% risk of failure)
Confirm with . or Enter, or press ? or * to list all spells.
Aiming: Freeze (safe; 1% risk of failure)
Press: ? - help, Shift-Dir - straight line, f - howler monkey
Aim: a howler monkey (heavily wounded, catching its breath)
You freeze the howler monkey.
The howler monkey is almost dead.
The howler monkey hits you.
You die...

#.##...#.##..
#.#....#.#
.g....#..#.# #.
..#.###Z)#.##....
#$.....))gJ......
##......#g##.....
#.......#g# ...
........#h##.##..
##......#@.>.....
#.............##
#.............#
#.............#
##$#.........# #
#.........#
#....$....#
....|.....#


You could see a howler monkey (catching breath), 3 gnolls and an ooze.

Vanquished Creatures
  Sigmund (D:2)
  A howler monkey (D:4)
  A hound (D:4)
  An iguana (D:2)
  Jessica (D:2)
  A worker ant (D:4)
  9 gnolls
  2 adders
  2 worms
  8 ball pythons
  2 giant cockroaches
  9 goblins
  8 hobgoblins
  2 jackals (D:3)
  4 oozes
  2 quokkas
  7 bats
  4 frilled lizards
  8 kobolds
  6 rats
79 creatures vanquished.

Notes
Turn   | Place    | Note
-------+----------+-------------------------------------------
     0 | D:1      | Atlas the Demonspawn Ice Elementalist began the quest for
                  | the Orb.
     0 | D:1      | Reached XP level 1. HP: 13/13 MP: 3/3
   294 | D:1      | Gained mutation: You are partially covered in slimy green
                  | scales. (AC +2) [demonic ancestry]
   294 | D:1      | Reached XP level 2. HP: 9/19 MP: 1/5
   465 | D:1      | Reached skill level 4 in Ice Magic
  1416 | D:2      | Noticed Sigmund
  1428 | D:2      | Noticed Jessica
  1435 | D:2      | Killed Jessica
  1436 | D:2      | Reached XP level 3. HP: 10/24 MP: 0/7
  1637 | D:2      | Reached XP level 4. HP: 20/30 MP: 2/8
  1933 | D:2      | Learned a level 3 spell: Frozen Ramparts
  1937 | D:2      | Learned a level 3 spell: Ozocubu's Armour
  2057 | D:2      | Killed Sigmund
  2058 | D:2      | Reached skill level 5 in Ice Magic
  2058 | D:2      | Gained mutation: You have sharp toenails. [demonic
                  | ancestry]
  2058 | D:2      | Reached XP level 5. HP: 15/35 MP: 4/11
  2266 | D:2      | Found Dasm's Book Shop.
  2351 | D:2      | Found a broken altar of Ashenzari.
  2434 | D:2      | Gained mutation: You have razor-sharp toenails. [demonic
                  | ancestry]
  2434 | D:2      | Reached XP level 6. HP: 23/41 MP: 7/12
  2439 | D:2      | Learned a level 4 spell: Summon Ice Beast
  3438 | D:3      | Found a burning altar of Makhleb.
  3696 | D:4      | Gained mutation: Your magical capacity is low. (-10% MP)
                  | [potion of mutation]
  3696 | D:4      | Gained mutation: You are strong-willed. (Will+) [potion of
                  | mutation]
  3696 | D:4      | Gained mutation: Your spells are a little easier to cast,
                  | but a little less powerful. [potion of mutation]
  3696 | D:4      | Gained mutation: You are robust. (+10% HP) [potion of
                  | mutation]
  3697 | D:4      | HP: 2/46 [gnoll/+0 club (2)]
  3704 | D:4      | Slain by a howler monkey

Illustrated notes

Levels and vault maps discovered:
D:1:      tarquinn_simple_flora_water_e, layout_rooms, serial_glass,
          glass_columns_c, glass_columns_b, glass_columns_b, glass_columns_a,
          glass_columns_b, glass_columns_a
D:2:      layout_basic, serial_shops, nicolae_shop_behind_doors,
          kennysheep_flooded_box, uniq_sigmund, uniq_jessica
D:3:      layout_rooms, lightli_temple_of_fire
D:4:      layout_rooms, gammafunk_temple_overflow_pools, dk_yredelemnul_ordeal

Skill      XL: |  1  2  3  4 |
---------------+-------------+-----
Ice Magic      | 4 5 |  5.9
Spellcasting   | 3 4 |  4.4
Stealth        | 2 |  2.3
Dodging        | 2 |  2.2
Fighting       | |  0.7
Unarmed Combat | |  0.2

Action                   |  1- 3 |  4- 6 || total
-------------------------+-------+-------++-------
Melee: Unarmed           |    13 |    30 ||    43
       Kick              |       |     4 ||     4
 Cast: Freeze            |    45 |    78 ||   123
       Frozen Ramparts   |       |     3 ||     3
  Use: Potion            |       |     5 ||     5
 Stab: Sleeping          |       |     1 ||     1
Armor: Robe              |    12 |    31 ||    43
Dodge: Dodged            |    27 |    76 ||   103

Table legend: (Time is in decaauts)
 A = Elapsed time spent in this place.
 B = Non-inter-level travel time spent in this place.
 C = Inter-level travel time spent in this place.
 D = Time resting spent in this place.
 E = Time spent auto-exploring this place.
 F = Levels seen in this place.
 G = Mean time per level.
                   A        B        C        D        E       F      G
               +--------+--------+--------+--------+--------+-----+--------+
         Total |   3706 |   3611 |     95 |    737 |   2300 |   4 |  926.5 |
       Dungeon |   3706 |   3611 |     95 |    737 |   2300 |   4 |  926.5 |
               +--------+--------+--------+--------+--------+-----+--------+

Top non-repeatable levels by time:
     D:1: 1795 daAuts
     D:2: 1109 daAuts
     D:3: 771 daAuts
     D:4: 29 daAuts
